Map: Year Zero LE

Players

HeroMarine - Winner!

  • Race: Terran Terran
  • Spawn Location: 11:00

Gerald

  • Race: Protoss Protoss
  • Spawn Location: 1:00

Event: 2019 WCS Spring

VOD

Have the link to the VOD?

Description

Time

  • Played on: May 17, 2019, 7:16 a.m.
  • Length: 19:19

All games in this series

Show
View Real Time Build Order
Export as new Build Order

HeroMarine Terran - Winner!

Build Orders: Gas First Reaper Expand, Mech 

Get SALT Encoding   

  12  0:00  SCV  
  13  0:12  SCV  
  14  0:18  Supply Depot  
  14  0:25  SCV  
  15  0:29  Refinery  
  15  0:40  SCV  
  16  0:46  Barracks  
  16  0:52  SCV  
  17  1:04  SCV  
  18  1:16  SCV  
  19  1:33  Reaper, Orbital Command  
  20  1:47  Command Center  
  20  1:59  Factory  
  20  2:00  SCV  
  21  2:06  Barracks Reactor  
  21  2:13  SCV  
  22  2:17  Supply Depot  
  22  2:19  Refinery  
  22  2:25  SCV  
  23  2:38  SCV  
  23  2:43  Starport, Marine x2  
  26  2:48  Widow Mine  
  26  2:51  SCV  
  29  3:01  Marine x2  
  29  3:02  Orbital Command  
  29  3:04  SCV  
  32  3:09  Factory Tech Lab  
  32  3:16  SCV  
  32  3:18  Marine x2  
  33  3:28  SCV  
  33  3:29  SCV  
  33  3:30  Cyclone  
  38  3:36  Viking  
  38  3:39  Supply Depot  
  40  3:42  SCV  
  40  3:44  SCV  
  40  3:47  Marine  
  40  3:48  Marine  
  44  3:54  SCV  
  45  3:56  SCV  
  45  4:02  Cyclone  
  49  4:06  Viking  
  49  4:07  Supply Depot  
  52  4:10  SCV  
  52  4:11  SCV  
  52  4:16  Mag-Field Accelerator  
  53  4:18  Supply Depot  
  53  4:22  SCV  
  54  4:28  SCV  
  54  4:30  Supply Depot  
  55  4:34  Cyclone  
  55  4:36  SCV  
  59  4:40  SCV  
  60  4:48  SCV  
  60  4:52  Command Center  
  60  4:53  SCV  
  61  5:00  SCV, Refinery x2  
  61  5:05  SCV, Marine  
  61  5:06  Viking, Marine  
  65  5:12  SCV, Cyclone  
  69  5:17  SCV  
  69  5:18  Supply Depot  
  70  5:24  SCV  
  71  5:29  SCV  
  72  5:36  SCV  
  72  5:37  Engineering Bay, Factory  
  72  5:41  SCV, Factory  
  74  5:47  Cyclone  
  74  5:48  SCV  
  78  5:53  SCV  
  79  6:00  SCV  
  78  6:05  SCV  
  71  6:12  SCV  
  71  6:17  SCV, Orbital Command  
  64  6:19  Missile Turret x2, Cyclone  
  64  6:24  Widow Mine, Factory Tech Lab  
  64  6:25  Widow Mine  
  69  6:26  SCV  
  69  6:28  Armory  
  69  6:29  SCV  
  71  6:34  Starport Reactor  
  71  6:38  SCV  
  72  6:41  SCV  
  72  6:46  Widow Mine x2  
  80  6:50  SCV  
  80  6:53  Refinery  
  80  6:54  SCV, Supply Depot  
  84  6:58  Siege Tank x2  
  83  7:02  SCV  
  83  7:06  SCV  
  83  7:08  Hellion x2  
  89  7:09  Supply Depot  
  89  7:10  Supply Depot  
  89  7:14  SCV  
  90  7:18  SCV, Factory x2  
  91  7:26  Starport Tech Lab, Orbital Command  
  91  7:27  SCV  
  91  7:29  Hellion x2  
  96  7:30  Siege Tank x2  
  96  7:32  SCV  
  103  7:39  SCV  
  103  7:44  SCV, Refinery  
  105  7:45  Refinery  
  105  7:46  Terran Vehicle And Ship Armor Level 1  
  105  7:51  SCV  
  106  7:55  SCV  
  106  7:56  SCV  
  107  8:00  Hellion  
  107  8:01  Hellion, Missile Turret  
  107  8:03  SCV  
  112  8:07  Hellion  
  112  8:08  Hellion  
  112  8:09  Infernal Pre-Igniter  
  112  8:12  Hellion, Siege Tank  
  121  8:14  Siege Tank  
  122  8:20  Supply Depot x2  
  122  8:25  Missile Turret  
  122  8:26  Missile Turret  
  122  8:32  Armory  
  122  8:34  Cyclone  
  125  8:41  Hellion x4  
  125  8:43  Supply Depot x2  
  125  8:44  Cyclone  
  125  8:46  Cyclone  
  125  8:47  Missile Turret  
  139  8:54  Command Center  
  139  9:01  Supply Depot  
  139  9:02  Supply Depot  
  137  9:05  Drilling Claws  
  137  9:06  Cyclone  
  137  9:07  Widow Mine  
  137  9:08  Widow Mine  
  144  9:11  Widow Mine x2  
  144  9:16  Cyclone  
  149  9:18  Cyclone  
  149  9:19  Missile Turret  
  152  9:24  Terran Vehicle Weapons Level 1  
  152  9:25  Missile Turret  
  152  9:30  Hellion x2  
  156  9:32  Hellion x2  
  156  9:34  Supply Depot  
  156  9:35  Supply Depot  
  160  9:40  Cyclone, Sensor Tower  
  160  9:41  Terran Vehicle And Ship Armor Level 2  
  163  9:48  Cyclone  
  163  9:51  Missile Turret  
  166  9:58  Siege Tank  
  167  10:12  Hellion x3, Cyclone  
  167  10:13  Hellion  
  176  10:20  Cyclone  
  177  10:30  Cyclone  
  177  10:32  Refinery  
  177  10:33  Refinery  
  180  10:37  Hellion x3  
  180  10:38  Hellion  
  184  10:44  Cyclone  
  179  10:52  Cyclone  
  179  10:55  SCV x3  
  185  10:57  Missile Turret  
  185  10:58  Hellion x3  
  185  11:03  Cyclone  
  194  11:11  Hellion  
  188  11:16  Cyclone  
  189  11:19  Hellion  
  189  11:24  Cyclone, Factory  
  189  11:25  Factory  
  181  11:27  Hellion  
  181  11:28  Hellion  
  178  11:35  Hellion, Cyclone  
  178  11:39  Planetary Fortress  
  178  11:41  SCV x2, Hellion  
  182  11:49  Cyclone  
  185  11:56  Cyclone  
  185  12:00  Hellion x2  
  192  12:03  Terran Vehicle Weapons Level 2  
  192  12:04  Terran Vehicle And Ship Armor Level 3  
  192  12:05  Hellion x2  
  192  12:07  Cyclone  
  144  12:17  Factory Tech Lab x2  
  144  12:21  Cyclone  
  144  12:22  Hellion x2  
  133  12:27  Hellion x2  
  133  12:28  Command Center, Siege Tank  
  140  12:35  Starport Tech Lab  
  140  12:37  Siege Tank x2  
  140  12:38  Factory  
  140  12:39  Siege Tank  
  149  12:49  Sensor Tower  
  149  12:52  Widow Mine x2  
  149  12:53  Siege Tank  
  149  12:55  Hellion x2  
  160  13:01  Siege Tank  
  161  13:11  Siege Tank x2  
  164  13:25  Cyclone, Command Center  
  167  13:28  Factory Tech Lab  
  167  13:33  Cyclone  
  165  13:36  Raven  
  165  13:38  Factory Tech Lab  
  167  13:43  Cyclone x2  
  173  13:50  Hellion  
  173  13:51  Hellion x2  
  173  13:53  Factory Tech Lab  
  173  13:57  Cyclone  
  170  14:05  Cyclone  
  173  14:10  Cyclone  
  173  14:14  Cyclone  
  173  14:15  Cyclone  
  173  14:16  Hellion x2  
  186  14:21  Raven  
  186  14:22  Terran Vehicle Weapons Level 3  
  186  14:23  Cyclone  
  191  14:29  Cyclone  
  190  14:36  Refinery  
  190  14:49  Orbital Command  
  190  14:51  Cyclone, Command Center  
  190  14:52  Cyclone  
  196  14:55  Cyclone  
  197  15:00  Hellion x2  
  197  15:03  Planetary Fortress  
  197  15:04  Raven  
  196  15:26  Refinery  
  196  15:27  Thor  
  174  15:36  Thor x2  
  174  15:38  Hellion x2  
  174  15:39  Siege Tank  
  174  15:40  Thor  
  188  15:43  Hellion x3  
  164  15:59  Hellion x2  
  164  16:04  Hellion x2, Thor  
  164  16:10  Cyclone, Orbital Command  
  164  16:11  Thor  
  183  16:19  Siege Tank x2  
  183  16:23  Siege Tank  
  190  16:42  Command Center, Siege Tank  
  190  16:43  Missile Turret  
  193  16:47  Siege Tank  
  183  17:21  Cyclone x2  
  181  17:23  Cyclone x3  
  181  17:24  Hellion x5  
  200  17:42  Command Center  
  200  17:44  Command Center  
  191  18:09  Raven  
  191  18:11  Siege Tank x2  
  197  18:15  Hellion  
  172  18:28  Cyclone, Siege Tank x3  
  172  18:29  Hellion x3  
  170  18:36  Hellion  
  157  18:43  Cyclone x2  
  163  18:50  Hellion  
  163  18:51  Hellion x2  
  169  18:57  Missile Turret, Hellion, Refinery  
  169  18:58  Refinery  
Show
View Real Time Build Order
Export as new Build Order

Gerald Protoss 

Build Orders: 1 Gate Expand, Phoenix Opening 

Get SALT Encoding   

  12  0:01  Probe  
  13  0:13  Probe  
  14  0:18  Pylon  
  14  0:23  Probe  
  15  0:32  Probe  
  15  0:39  Gateway  
  15  0:40  Probe  
  16  0:48  Assimilator  
  17  0:52  Probe  
  18  1:04  Probe  
  19  1:16  Probe  
  20  1:25  Nexus  
  20  1:35  Cybernetics Core  
  20  1:38  Probe  
  21  1:45  Assimilator  
  21  1:50  Probe  
  22  1:57  Pylon  
  22  2:05  Probe, Adept  
  25  2:17  Probe  
  25  2:22  Stargate  
  26  2:26  Adept  
  26  2:29  Probe  
  27  2:34  Warp Gate  
  28  2:38  Probe  
  28  2:41  Probe  
  30  2:51  Probe  
  31  2:53  Probe  
  31  2:58  Phoenix, Adept  
  34  3:03  Probe  
  35  3:05  Probe  
  38  3:15  Phoenix, Probe  
  39  3:22  Probe  
  40  3:27  Probe  
  40  3:29  Pylon  
  41  3:35  Phoenix  
  41  3:36  Gateway  
  41  3:39  Gateway  
  42  3:44  Probe  
  42  3:46  Probe  
  45  3:54  Phoenix  
  45  3:56  Probe  
  45  3:58  Probe  
  45  4:00  Pylon  
  49  4:06  Assimilator  
  49  4:09  Assimilator, Probe  
  50  4:10  Phoenix  
  50  4:11  Probe  
  51  4:21  Probe  
  54  4:25  Probe  
  55  4:33  Probe, Adept x2  
  55  4:34  Adept  
  55  4:35  Pylon  
  62  4:48  Pylon  
  62  4:53  Phoenix  
  62  4:54  Probe x2  
  66  5:02  Pylon  
  66  5:06  Probe x2  
  64  5:14  Twilight Council  
  64  5:17  Forge  
  64  5:18  Probe x2  
  64  5:27  Phoenix  
  58  5:29  Stalker  
  58  5:30  Stalker  
  58  5:32  Shield Battery  
  58  5:33  Stalker, Shield Battery  
  66  5:44  Pylon  
  65  5:53  Zealot  
  65  5:54  Zealot  
  67  6:07  Stalker  
  67  6:11  Phoenix  
  65  6:18  Probe  
  64  6:23  Protoss Ground Weapons Level 1  
  65  6:30  Zealot, Nexus  
  65  6:31  Zealot x2  
  70  6:35  Templar Archives  
  70  6:36  Phoenix  
  70  6:37  Blink  
  72  6:48  Probe  
  73  6:55  Probe  
  73  6:59  Gateway  
  76  7:02  Gateway  
  76  7:05  Robotics Facility  
  76  7:06  Stalker x2  
  80  7:10  Stalker, Probe  
  80  7:12  Probe  
  82  7:22  Probe  
  82  7:24  Probe  
  84  7:31  Gateway  
  84  7:33  Gateway  
  84  7:35  Probe, Gateway  
  84  7:36  Probe  
  86  7:37  Shield Battery  
  86  7:40  Psionic Storm  
  86  7:44  Stalker  
  88  7:47  High Templar x2  
  92  7:58  Robotics Bay, Probe x2  
  88  8:02  Robotics Facility  
  88  8:04  Observer  
  91  8:06  Probe  
  91  8:10  Assimilator, Probe  
  91  8:11  Probe  
  94  8:12  Assimilator  
  94  8:14  Pylon  
  94  8:15  Pylon  
  94  8:18  Probe  
  95  8:23  Probe x2  
  95  8:24  Protoss Ground Armor Level 1  
  95  8:25  Zealot  
  99  8:31  Probe  
  100  8:35  Probe x2, Disruptor  
  100  8:38  Charge  
  102  8:41  Disruptor  
  102  8:43  Probe  
  102  8:47  Probe x2  
  102  8:48  Zealot x4, Pylon  
  119  9:01  Disruptor  
  119  9:03  Nexus  
  122  9:17  Disruptor  
  125  9:26  Probe  
  125  9:27  Probe  
  127  9:31  Probe  
  127  9:34  Fleet Beacon  
  127  9:35  Pylon  
  127  9:37  Observer  
  127  9:38  Photon Cannon  
  128  9:40  Disruptor, Shield Battery  
  128  9:41  Pylon  
  128  9:43  Pylon  
  128  9:45  High Templar  
  133  9:46  Pylon  
  133  9:56  Disruptor  
  134  10:13  Probe  
  135  10:16  Probe, Disruptor  
  133  10:25  Stalker x7  
  133  10:26  Stalker  
  144  10:37  Disruptor  
  144  10:38  Probe  
  142  10:51  Disruptor  
  142  10:54  Zealot x3  
  142  10:55  Zealot x5  
  159  10:57  Probe  
  157  11:12  Disruptor  
  157  11:15  Zealot x8  
  157  11:27  Disruptor  
  160  11:39  Zealot x8  
  176  11:45  Probe x2  
  178  11:50  Pylon  
  178  11:52  Pylon  
  178  11:53  Pylon  
  178  11:58  Immortal  
  177  12:03  Immortal  
  173  12:12  Mothership  
  146  12:19  Zealot x8  
  154  12:24  Probe x2  
  154  12:27  Assimilator, Probe  
  157  12:31  Assimilator  
  157  12:36  Probe  
  157  12:37  Probe, Disruptor  
  159  12:43  Immortal  
  166  12:50  Stargate  
  164  12:55  Zealot x3  
  164  12:57  Zealot x3  
  164  12:58  Zealot x2  
  180  13:01  Pylon  
  156  13:13  Observer  
  156  13:21  Probe x2, Tempest  
  156  13:25  Stalker x5  
  173  13:29  Probe  
  173  13:33  Probe  
  174  13:37  Probe  
  174  13:41  Probe  
  177  13:46  Nexus  
  177  13:54  Tempest  
  173  14:02  Immortal  
  175  14:08  Probe x2  
  182  14:10  Photon Cannon, Probe  
  182  14:11  Shield Battery, Tempest  
  180  14:17  Stalker x2  
  182  14:37  Tempest  
  175  14:41  Zealot x5  
  175  14:42  Zealot  
  186  14:46  Immortal  
  186  14:47  Immortal  
  185  15:02  Zealot x2  
  185  15:03  Zealot x5  
  191  15:18  Tempest  
  184  15:28  Zealot  
  184  15:29  Zealot x7  
  158  15:45  Immortal  
  160  15:52  High Templar x4  
  160  15:53  High Templar x4  
  168  16:05  Archon x2  
  168  16:06  Immortal  
  168  16:11  Tempest x2  
  168  16:18  Observer  
  183  16:29  Protoss Ground Weapons Level 2  
  183  16:34  Nexus, Pylon  
  183  16:36  Zealot, High Templar  
  183  16:37  Zealot x3, Disruptor  
  183  16:38  Probe x3  
  199  16:44  Probe  
  194  16:57  Zealot x3  
  195  17:35  Pylon  
  195  17:36  Pylon  
  195  17:38  Pylon  
  195  17:42  Pylon  
  195  17:59  Assimilator  
  195  18:03  Assimilator  
  191  18:11  Zealot  
  191  18:12  Zealot x3  
  199  18:13  Nexus  
  199  18:18  Pylon  
  197  18:20  Assimilator  
  197  18:23  Assimilator  
  197  18:26  Archon  
  168  18:33  Immortal x2  
  86  18:41  Zealot x2  
  86  18:42  Zealot x6  
  98  19:05  Zealot x6  
  98  19:06  Zealot  
Tags
 
Add a new tag
Caveats
  • Supply blocks, unpowered buildings, or Contaminate may cause inaccurate times.
  • Supply counts are checked every 10 seconds.